 Dungeon Crawl Stone Soup version 0.21.0-3-g78d12a8 (webtiles) character file.

338 Gorglomux the Caller (level 6, -1/24 HPs)
             Began as a Felid Summoner on Jan 8, 2018.
             Shot with an arrow by a centaur (9 damage)
             ... on level 5 of the Dungeon.
             The game lasted 00:19:30 (5520 turns).

Gorglomux the Caller (Felid Summoner)               Turns: 5520, Time: 00:19:31

Health: -1/24      AC:  2    Str:  4    XL:     6   Next: 29%
Magic:  4/13       EV: 19    Int: 19    God:
Gold:   256        SH:  0    Dex: 16    Spells: 1/14 levels left
                                        Lives:  0   Deaths: 1

rFire    . . .     SeeInvis +   (weapon unavailable)
rCold    . . .     Gourm    .   (shield unavailable)
rNeg     . . .     Faith    .   (armour unavailable)
rPois    .         Spirit   .   (helmet unavailable)
rElec    .         Reflect  .   (cloak unavailable)
rCorr    +         Harm     .   (gloves unavailable)
MR       .....                  (boots unavailable)
Stlth    +++.......             r - amulet of regeneration
HPRegen  0.48/turn              g - ring of resist corrosion
MPRegen  0.13/turn              F - +1 ring of evasion

@: quick
A: very small, no armour, no weapons or thrown items, stealth, claws 1, fangs 3,
see invisible, carnivore, speed 1, shaggy fur 2, slow metabolism 1, sharp paws
a: no special abilities


You were on level 5 of the Dungeon.
You were completely stuffed.

You visited 1 branch of the dungeon, and saw 5 of its levels.

You collected 256 gold pieces.

Inventory:

Jewellery
 g - a ring of resist corrosion (left paw)
 r - an amulet of regeneration (around neck)
 F - a +1 ring of evasion (right paw)
Scrolls
 t - a scroll of random uselessness {unknown}
 y - 2 scrolls of fear
 z - a scroll of immolation
 C - a scroll of blinking {unknown}
 M - a scroll of magic mapping
 R - a scroll of identify
 T - 2 scrolls of teleportation
 U - 2 scrolls of amnesia {unknown}
Potions
 h - a potion of lignification {unknown}
 u - 2 potions of resistance
 x - a potion of flight {unknown}
 A - a potion of brilliance {unknown}
 B - a potion of might {unknown}
 E - a potion of heal wounds {unknown}
 Q - 6 potions of curing
 W - a potion of cancellation {unknown}
Books
 a - a book of Callings

   Spells                             Type                      Level
   a - Summon Small Mammal            Summoning                    1
   b - Call Imp                       Summoning                    2
   c - Call Canine Familiar           Summoning                    3
   d - Summon Guardian Golem          Hexes/Summoning              3
   e - Summon Lightning Spire         Summoning/Air                4
   f - Summon Ice Beast               Ice/Summoning                4
Comestibles
 b - 12 rations
 V - 6 chunks of flesh


   Skills:
 - Level 2.6 Dodging
 - Level 4.0 Stealth
 + Level 4.5 Spellcasting
 + Level 6.0 Summonings


You had one spell level left.
You knew the following spells:

 Your Spells              Type           Power        Failure   Level  Hunger
a - Summon Small Mammal   Summ           ####         1%          1    None
b - Call Imp              Summ           ####....     1%          2    #......
c - Call Canine Familiar  Summ           ####....     3%          3    ###....
d - Summon Guardian Gole  Hex/Summ       ###.....     11%         3    ###....
e - Summon Ice Beast      Ice/Summ       ###.....     36%         4    ####...


Dungeon Overview and Level Annotations

Branches:
Dungeon (5/15)
 Temple: D:4-7

Altars:
Nemelex Xobeh


Innate Abilities, Weirdness & Mutations

You cannot wear armour.
You are incapable of wielding weapons or throwing items.
Your paws allow you to move quietly. (Stealth)
You have sharp claws.
You have razor-sharp teeth.
You have supernaturally acute eyesight. (SInv)
You are carnivorous and can eat meat at any time.
You cover ground quickly.
You are covered in thick fur. (AC +2)
You have a slow metabolism.
Your sharp claws are effective at attacking unaware monsters.


Message History

You swap places!
The centaur shoots an arrow!
The arrow hits your guardian golem!
Unknown command!
Unknown command!
The centaur shoots an arrow!
The arrow misses your hound! The arrow barely misses you!
The centaur unwields an uncursed shortbow!
The centaur barely misses your hound!
Your hound barely misses the centaur!
There is a stone staircase leading up here!
Unknown command!
The centaur shoots an arrow!
The arrow butts your hound! The arrow hits your guardian golem!!!
Your guardian golem is destroyed!!!
The centaur wields an uncursed shortbow!
The centaur shoots an arrow!
The arrow hits you!!!
DANG Your hound barely misses the centaur!
Your crimson imp blinks!!!
The centaur shoots an arrow!
The arrow misses your hound! The arrow hits you!!! rip

.........%.....
...(.(.........
...............
.............(.
...............
...............
.........ยง.....
.........5.....
......(@(......
......5<.......
............hc.
.............c.
...............
...............
...............
..............#
............###


You could see 2 centaurs, a friendly hound, a friendly crimson imp and a
friendly white imp.

Vanquished Creatures
  A quokka (D:2)
  A frilled lizard (D:2)
2 creatures vanquished.

Vanquished Creatures (collateral kills)
  2 ogres (D:4)
  A crimson imp (D:4)
  2 orc priests
  A hound (D:4)
  3 orc wizards (D:4)
  4 worker ants
  Ijyb (D:3)
  A hound zombie (D:2)
  A hound skeleton (D:4)
  Robin (D:4)
  5 adders
  An ooze (D:1)
  An adder skeleton (D:4)
  2 worms
  4 dart slugs
  3 leopard geckos
  12 orcs
  9 bats
  6 giant cockroaches
  10 hobgoblins
  5 jackals
  2 quokkas
  3 ball pythons
  6 frilled lizards
  24 goblins
  A jackal zombie (D:3)
  8 kobolds
  A quokka skeleton (D:4)
  4 rats
124 creatures vanquished.

Grand Total: 126 creatures vanquished

Notes
Turn   | Place    | Note
-------+----------+-------------------------------------------
     0 | D:1      | Gorglomux the Felid Summoner began the quest for the Orb.
     0 | D:1      | Reached XP level 1. HP: 7/7 MP: 4/4
    87 | D:1      | Reached skill level 3 in Stealth
   452 | D:1      | Reached XP level 2. HP: 11/11 MP: 1/6
  1263 | D:2      | Found a sparkling altar of Nemelex Xobeh.
  1418 | D:2      | Learned a level 2 spell: Call Imp
  1471 | D:2      | Reached XP level 3. HP: 14/14 MP: 4/7
  1707 | D:2      | Learned a level 3 spell: Call Canine Familiar
  3051 | D:3      | Reached XP level 4. HP: 18/18 MP: 5/9
  3307 | D:3      | Killed from afar by an orc priest
  3308 | D:3      | Reached XP level 3. HP: -7/14 MP: 2/8
  3372 | D:3      | Reached skill level 3 in Spellcasting
  3684 | D:3      | Noticed Ijyb
  3719 | D:3      | Killed Ijyb
  3719 | D:3      | Reached XP level 4. HP: 18/18 MP: 5/9
  3799 | D:3      | Reached skill level 5 in Summonings
  3804 | D:3      | Learned a level 3 spell: Summon Guardian Golem
  3902 | D:4      | Noticed an ogre
  3920 | D:4      | Killed an ogre
  3928 | D:4      | Noticed an ogre
  3954 | D:4      | Killed an ogre
  3954 | D:4      | Reached XP level 5. HP: 16/21 MP: 1/11
  4703 | D:4      | Gained mutation: You are covered in thick fur. (AC +2) [Felid growth]
  4703 | D:4      | Reached XP level 6. HP: 24/24 MP: 7/13
  4829 | D:4      | Reached skill level 6 in Summonings
  4872 | D:4      | Learned a level 4 spell: Summon Ice Beast
  5309 | D:4      | Noticed Robin
  5318 | D:4      | Killed Robin
  5511 | D:5      | Entered Level 5 of the Dungeon
  5520 | D:5      | Shot with an arrow by a centaur

Skill      XL: |  1  2  3  4  5  6 |
---------------+-------------------+-----
Stealth        | 4 |  4.0
Spellcasting   | 3 4 |  4.5
Summonings     | 5 6 |  6.0
Dodging        | |  2.6

Action                   |  1- 3 |  4- 6 || total
-------------------------+-------+-------++-------
Melee: Unarmed           |    23 |     1 ||    24
       Bite              |     1 |       ||     1
 Cast: Summon Small Mamm |    83 |       ||    83
       Call Imp          |    15 |    27 ||    42
       Call Canine Famil |    22 |    25 ||    47
       Summon Guardian G |       |     6 ||     6
  Use: Scroll            |       |     8 ||     8
 Stab: Distracted        |     1 |       ||     1
       Sleeping          |     1 |       ||     1
  Eat: Chunk             |    22 |     7 ||    29
Armor: Skin              |     8 |     2 ||    10
Dodge: Dodged            |    84 |    59 ||   143
